 Dungeon Crawl Stone Soup version 0.17-a0-1763-g847a857 (webtiles) character file.

523 hexophile the Basher (level 7, -5/71 HPs)
             Began as an Ogre Monk on Sept 6, 2015.
             Slain by a river rat (10 damage)
             ... in a sewer.
             The game lasted 00:05:13 (3474 turns).

hexophile the Basher (Ogre Monk)                    Turns: 3474, Time: 00:05:13

Health: -5/71      AC:  5    Str: 17    XL:     7   Next: 22%
Magic:  7/7        EV: 10    Int:  9    God:
Gold:   198        SH:  0    Dex: 14    Spells: 0 memorised, 6 levels left

rFire  + . .     SeeInvis .     f - +3 quarterstaff (chaos)
rCold  . . .     Clarity  .     a - +0 robe
rNeg   . . .     SustAt   .     (no shield)
rPois  .         Gourm    .     (helmet restricted)
rElec  .         Spirit   .     c - +1 cloak
rCorr  +         Warding  .     (gloves unavailable)
rMut   .         Stasis   .     (boots unavailable)
MR     .....                    p - amulet of resist corrosion
Stlth  ++........               (no ring)
                                i - ring of protection from fire

@: lethally poisoned (-5 -> -5), not resistant to hostile enchantments,
unstealthy
A: unfitting armour, tough skin 1
a: no special abilities


You were in a sewer.
You were hungry.

You visited 1 branch of the dungeon, and saw 3 of its levels.
You also visited: Sewer.

You collected 198 gold pieces.

Inventory:

Hand weapons
 f - a +3 quarterstaff of chaos (weapon)
 g - a +0 hammer
Missiles
 d - 154 stones (quivered)
Armour
 a - a +0 robe (worn)
 c - a +1 cloak (worn)
Jewellery
 i - a ring of protection from fire (left hand)
 p - an amulet of resist corrosion (around neck)
Magical devices
 e - a wand of flame (24)
Scrolls
 k - 2 scrolls of fog {unknown}
 l - a scroll of blinking {unknown}
 m - a scroll of identify
 n - 2 scrolls of immolation
Potions
 j - a potion of brilliance
 o - 2 potions of curing {unknown}
 q - a potion of agility
 r - a potion of flight {unknown}
Comestibles
 b - a bread ration
 s - a chunk of flesh


   Skills:
 - Level 4.5 Fighting
 * Level 9.4 Maces & Flails
 - Level 2.6 Dodging
 - Level 1.5 Stealth
 - Level 3.6 Unarmed Combat


You had 6 spell levels left.
You didn't know any spells.

Dungeon Overview and Level Annotations

Branches:
Dungeon (3/15)

Altars:
Cheibriados
Vehumet
Zin


Innate Abilities, Weirdness & Mutations

You are too large for most types of armour.
You have tough skin (AC +1).


Message History

Deactivating autopickup; reactivate with Ctrl-A.
The ball python bites you but does no damage.
Something bites you!
* * * LOW HITPOINT WARNING * * *
The rat closely misses you. x2
Unknown command.
You hit something. You burn something. The ball python completely misses you.
Something bites you.
* * * LOW HITPOINT WARNING * * *
The rat bites you but does no damage. The ball python barely misses you.
The rat closely misses you.
Unknown command.
You hit something but do no damage. Something bites you.
* * * LOW HITPOINT WARNING * * *
The rat bites you but does no damage. The ball python barely misses you.
The rat barely misses you.
Unknown command.
You closely miss something.
You feel sick. The ball python closely misses you. Something bites you!
You die...

≈≈≈≈≈≈≈≈≈≈≈≈≈≈≈≈≈≈≈≈≈≈≈≈≈≈≈≈≈≈≈≈≈
≈≈≈≈≈≈≈≈≈≈≈≈≈≈≈≈≈≈≈≈≈.≈.≈≈.≈≈.≈≈≈
##.≈.≈≈≈......%÷.≈≈..
##...............##... .##....
#......†.## #.. .......
##.....%†##....
......###..†.....†.....
#..rr...†####..†..## ##S@{..###
##..### ####### ####


You could see a ball python and 2 rats.

Vanquished Creatures
  Grinder (D:3)
  A big kobold (Sewer)
  Crazy Yiuf (D:2)
  Terence (D:2)
  Robin (D:2)
  7 adders
  5 river rats (Sewer)
  3 giant geckos
  An orc (D:3)
  9 bats
  13 hobgoblins
  4 jackals (D:1)
  2 quokkas
  4 ball pythons
  7 giant cockroaches
  5 giant newts
  7 goblins
  8 kobolds
  18 rats
98 creatures vanquished.

Vanquished Creatures (collateral kills)
  A rat (Sewer)
1 creature vanquished.

Grand Total: 99 creatures vanquished

Notes
Turn   | Place    | Note
--------------------------------------------------------------
     0 | D:1      | hexophile the Ogre Monk began the quest for the Orb.
     0 | D:1      | Reached XP level 1. HP: 24/24 MP: 1/1
   309 | D:1      | Reached skill level 1 in Maces & Flails
   309 | D:1      | Reached XP level 2. HP: 20/33 MP: 2/2
   509 | D:1      | HP: 3/33 [jackal (1)]
   512 | D:1      | HP: 1/33 [jackal (3)]
  1198 | D:1      | Reached XP level 3. HP: 40/40 MP: 3/3
  1622 | D:2      | Noticed Crazy Yiuf
  1674 | D:2      | Paralysed by Crazy Yiuf for 2 turns
  1676 | D:2      | Killed Crazy Yiuf
  1676 | D:2      | Reached XP level 4. HP: 29/49 MP: 2/4
  1998 | D:2      | Noticed Robin
  2014 | D:2      | Killed Robin
  2391 | D:2      | Noticed Terence
  2401 | D:2      | Killed Terence
  2401 | D:2      | Reached skill level 5 in Maces & Flails
  2402 | D:2      | Reached XP level 5. HP: 40/55 MP: 5/5
  2964 | D:3      | Noticed Grinder
  2976 | D:3      | Killed Grinder
  2976 | D:3      | Reached skill level 8 in Maces & Flails
  2976 | D:3      | Reached XP level 6. HP: 52/63 MP: 6/6
  3103 | D:3      | Found a snail-covered altar of Cheibriados.
  3114 | D:3      | Found a glowing silver altar of Zin.
  3118 | D:3      | Found a radiant altar of Vehumet.
  3204 | D:3      | Found a glowing drain.
  3242 | Sewer    | Entered a sewer
  3283 | Sewer    | Reached XP level 7. HP: 61/71 MP: 7/7
  3328 | Sewer    | Reached skill level 9 in Maces & Flails
  3457 | Sewer    | HP: 6/71 [river rat (8)]
  3459 | Sewer    | HP: 2/71 [rat (1)]
  3473 | Sewer    | HP: 6/71 [something (4)]
  3474 | Sewer    | Slain by a river rat

Vault maps used:
D:1:      minmay_arrival_semitransparent
D:2:      uniq_terence, uniq_crazy_yiuf_cottage, uniq_robin
D:3:      minmay_overflow_temple_star_quad, gup_sewer_entry_glass, uniq_grinder
Sewer:    sewer_minmay_treatment

Action                   |  1- 3 |  4- 6 |  7- 9 || total
-------------------------+-------+-------+-------++-------
Melee: Club              |   154 |       |       ||   154
       Unarmed           |     8 |       |       ||     8
       Quarterstaff      |       |   108 |    66 ||   174
Throw: Stone             |     1 |       |       ||     1
  Use: Potion            |     7 |     1 |     1 ||     9
       Scroll            |       |     2 |       ||     2
 Stab: Invisible         |     1 |       |       ||     1
       Sleeping          |       |     3 |       ||     3
  Eat: Chunk             |     2 |     2 |     1 ||     5
       Pizza             |       |     1 |       ||     1
       Beef jerky        |       |     1 |       ||     1
